 Dungeon Crawl Stone Soup version 0.26.0-9-gab577f9fc5 (console) character file.

Game seed: 5365137428461659735

410 Garrluk the Skirmisher (level 7, -8/56 HPs)
             Began as a Formicid Fire Elementalist on Jan 13, 2021.
             Was an Initiate of Sif Muna.
             Mangled by an orc warrior
             ... wielding a +0 halberd
              (14 damage)
             ... on level 8 of the Dungeon.
             The game lasted 00:14:30 (1987 turns).

Garrluk the Skirmisher (Formicid Fire Elementalist) Turns: 1987, Time: 00:14:30

Health: -8/56      AC:  4    Str: 12    XL:     7   Next: 13%
Magic:  5/13       EV: 12    Int: 17    God:    Sif Muna [......]
Gold:   145        SH:  9    Dex: 11    Spells: 13/14 levels left

rFire    . . .     SeeInvis +   c - +1 dagger (drain)
rCold    . . .     Faith    .   t - +0 buckler
rNeg     . . .     Spirit   .   a - +1 robe
rPois    .         Reflect  +   (helmet unavailable)
rElec    .         Harm     .   q - +0 cloak
rCorr    .         Rampage  .   (no gloves)
Will     .....                  (no boots)
Stlth    ++........             j - amulet of reflection
HPRegen  0.18/turn              (no ring)
MPRegen  0.13/turn              (no ring)

@: mighty
A: permanent stasis, dig shafts and tunnels, four strong arms, antennae 3
a: Dig, Shaft Self, Renounce Religion


You were on level 8 of the Dungeon.
You worshipped Sif Muna.
Sif Muna was noncommittal.
You visited 1 branch of the dungeon, and saw 8 of its levels.
You also visited: Ossuary.

You collected 145 gold pieces.

Inventory:

Hand Weapons
 c - a +1 dagger of draining (weapon)
 o - a +0 long sword
 p - a +3 quarterstaff of chaos
Missiles
 e - 46 bolts
 f - 33 poisoned darts
 g - 39 sling bullets
Armour
 a - a +1 robe (worn)
 q - a +0 cloak (worn)
 t - a +0 buckler (worn)
Jewellery
 j - an amulet of reflection (around neck)
Scrolls
 b - a scroll of enchant armour
 d - 5 scrolls of identify {unknown}
 h - 2 scrolls of remove curse
 k - a scroll of blinking {unknown}
 m - a scroll of amnesia {unknown}
 s - a scroll of fear {unknown}
Potions
 i - a potion of attraction {unknown}
 l - a potion of cancellation
 n - a potion of might
 r - a potion of resistance {unknown}


   Skills:
 + Level 5.6 Fighting
 - Level 1.7 Dodging
 - Level 2.4 Stealth
 * Level 1.8 Shields
 * Level 4.2 Spellcasting
 - Level 0.8 Conjurations
 + Level 3.2 Fire Magic


You had 13 spell levels left.
You knew the following spells:

 Your Spells              Type           Power        Failure   Level
a - Foxfire               Conj/Fire      40%          8%          1

Your spell library contained the following spells:

 Spells                   Type           Power        Failure   Level
 Conjure Flame            Conj/Fire      10%          22%         3
 Inner Flame              Hex/Fire       9%           26%         3
 Sticky Flame             Conj/Fire      10%          58%         4
 Fireball                 Conj/Fire      5%           90%         5


Dungeon Overview and Level Annotations

Branches:
Dungeon (8/15)            Ossuary (visited)
 Temple: D:4-7         Lair: D:8-11

Altars:
Dithmenos
Sif Muna
Trog

Annotations:
D:3 Sigmund


Innate Abilities, Weirdness & Mutations

You cannot be hasted, slowed, berserked, paralysed or teleported.
You can dig through walls and to a lower floor.
Your four strong arms can wield two-handed weapons with a shield.
You have a pair of large antennae on your head. (SInv)


Message History

Sif Muna accepts your kill.
You hit the orc warrior but do no damage.
You drain the orc warrior.
The orc warrior is moderately wounded.
You block the orc warrior's attack.
You closely miss the orc warrior.
The orc warrior is moderately wounded.
The orc warrior hits you with a +0 halberd!
You closely miss the orc warrior.
The orc warrior is moderately wounded.
The orc warrior hits you with a +0 halberd!
* * * LOW HITPOINT WARNING * * *
You hit the orc warrior. You drain the orc warrior.
The orc warrior is heavily wounded.
It was a potion of cancellation.
You feel magically purged.
The orc warrior hits you but does no damage.
It was a potion of might.
You feel very mighty all of a sudden.
The orc warrior hits you with a +0 halberd!
You die...

.................#
................######
................?....
#...................
#...................
..###.........##........
..............##o.......
..###........(##........
.. #.........##{.......
.. #(........#o########
$. .........<###@#
..###.###........# ..
#.###........#
..###............#
......###........#
...#.{# #........#
#.#.#.###........#
.$.##.#.#........# #..
##.#.#####...# #.. #####
...# #.. ...#


You could see an orc warrior (drained).

Vanquished Creatures
  A scorpion (D:6)
  Crazy Yiuf (D:4)
  A hound (D:8)
  An iguana (D:5)
  An orc wizard (D:8)
  2 mummies (Ossuary)
  A worker ant (D:4)
  A killer bee zombie (Ossuary)
  2 gnolls (D:5)
  6 adders
  A worm (D:2)
  3 dart slugs
  4 leopard geckos
  5 orcs
  A ball python (D:2)
  2 bats
  4 giant cockroaches
  A hobgoblin (D:2)
  8 jackals
  2 kobolds
  3 quokkas
  4 frilled lizards
  6 goblins
  8 rats
69 creatures vanquished.

Vanquished Creatures (others)
  165 foxfires
  A fungus (D:4)
  4 plants
  5 withered plants
175 creatures vanquished.

Grand Total: 244 creatures vanquished

Notes
Turn   | Place    | Note
-------+----------+-------------------------------------------
     0 | D:1      | Garrluk the Formicid Fire Elementalist began the quest for
                  | the Orb.
     0 | D:1      | Reached XP level 1. HP: 13/13 MP: 3/3
   172 | D:1      | Reached skill level 1 in Fighting
   174 | D:1      | Reached XP level 2. HP: 21/22 MP: 0/5
   312 | D:2      | Reached skill level 2 in Fighting
   391 | D:2      | Reached XP level 3. HP: 24/28 MP: 2/6
   456 | D:2      | Reached skill level 3 in Fighting
   755 | D:2      | Reached XP level 4. HP: 32/35 MP: 3/7
  1031 | D:3      | Noticed Sigmund
  1052 | D:2      | Reached skill level 4 in Fighting
  1052 | D:2      | Reached XP level 5. HP: 41/42 MP: 7/9
  1201 | D:4      | Found a runed translucent door.
  1202 | D:4      | Noticed Crazy Yiuf
  1221 | D:4      | Killed Crazy Yiuf
  1275 | D:4      | You fall into a shaft and drop 2 floors!
  1310 | D:6      | Found a sand-covered staircase.
  1315 | Ossuary  | Entered an ossuary
  1325 | Ossuary  | Reached skill level 5 in Fighting
  1325 | Ossuary  | Reached XP level 6. HP: 22/51 MP: 3/11
  1494 | D:5      | Entered Level 5 of the Dungeon
  1527 | D:5      | Found a bloodstained altar of Trog.
  1743 | D:4      | Found a shadowy altar of Dithmenos.
  1861 | D:5      | Reached skill level 1 in Shields
  1872 | D:5      | You fall into a shaft and drop 3 floors!
  1873 | D:8      | Noticed a sky beast
  1874 | D:8      | Noticed a troll
  1894 | D:8      | Reached XP level 7. HP: 39/56 MP: 7/13
  1907 | D:7      | Found a shimmering blue altar of Sif Muna.
  1915 | D:7      | Became a worshipper of Sif Muna the Loreminder
  1987 | D:8      | Mangled by an orc warrior

Illustrated notes

Levels and vault maps discovered:
D:1:      elethiomel_arrival_infinity_welcomes_careful_drivers,
          layout_loops_ring, palyth_stone_intersect
D:2:      minmay_chambers_of_twos, layout_rooms,
          grunt_temple_overflow_growth_and_decay, chequers_jeans
D:3:      minmay_wonky_spiral, layout_loops_ring, ebering_ghost_reflecting_pool,
          grunt_ministairs_14, uniq_sigmund
D:4:      layout_basic, gammafunk_temple_overflow_forgotten,
          uniq_crazy_yiuf_cottage
D:5:      layout_cave_pods, trog_butcher_becter
D:6:      layout_loops_corners, grunt_temple_overflow_order_and_chaos_2,
          nicolae_ossuary_entry_plus
D:7:      layout_loops_ring, nicolae_overflow_hidden_temple,
          lemuel_crystal_altar, minmay_temple_entry_statues_pillars,
          serial_bayou, serial_bayou_lagoon_a, serial_bayou_lake_a,
          serial_bayou_crossing, serial_bayou_ford_a, minmay_gold_behind_fungi,
          minmay_shop_enchanted_jewellery, corexii_leaking_fountain,
          minmay_ruined_shrine, uniq_joseph
D:8:      layout_basic, minmay_misc_feat_nine_boxes, vehumet_altar_wand_db

Skill      XL: |  1  2  3  4  5  6 |
---------------+-------------------+-----
Fighting       | 1 2 3 4 5 |  5.6
Spellcasting   | 3 4 |  4.2
Shields        | 1 |  1.8
Dodging        | |  1.7
Stealth        | |  2.4
Conjurations   | |  0.8
Fire Magic     | |  3.2

Action                   |  1- 3 |  4- 6 |  7- 9 || total
-------------------------+-------+-------+-------++-------
Melee: Unarmed           |     2 |       |       ||     2
       Short sword       |     2 |       |       ||     2
       Dagger            |    32 |   108 |    12 ||   152
       Quarterstaff      |       |     4 |       ||     4
 Cast: Foxfire           |    25 |    62 |    12 ||    99
 Abil: Dig               |     1 |    22 |     4 ||    27
       Shaft Self        |       |     1 |       ||     1
  Use: Scroll            |     3 |       |       ||     3
       Potion            |     2 |     1 |     2 ||     5
 Stab: Sleeping          |     1 |       |       ||     1
Armor: Robe              |     7 |    22 |     1 ||    30
Dodge: Dodged            |    30 |    66 |     3 ||    99
Block: Other             |       |    17 |       ||    17
       Buckler           |       |    11 |     7 ||    18
